 Dungeon Crawl Stone Soup version 0.23.2-40-g277498a001 (webtiles) character file.

Game seed: 16762863859898555744

198 Destructed3 the Magician (level 5, -4/35 HPs)
             Began as a Mummy Wizard on Oct 23, 2019.
             Killed from afar by an electric eel (14 damage)
             ... with a bolt of electricity
             ... on level 3 of the Dungeon.
             The game lasted 00:13:02 (3463 turns).

Destructed3 the Magician (Mummy Wizard)             Turns: 3463, Time: 00:13:03

Health: -4/35      AC:  3    Str: 10    XL:     5   Next: 47%
Magic:  12/14      EV: 12    Int: 19    God:
Gold:   71         SH:  0    Dex: 10    Spells: 5/18 levels left

rFire    x . .     SeeInvis .   d - +1 club
rCold    + . .     Gourm    .   (no shield)
rNeg     + + +     Faith    .   a - +1 robe
rPois    ∞         Spirit   .   b - +0 hat
rElec    .         Reflect  .   (no cloak)
rCorr    .         Harm     .   (no gloves)
MR       .....                  (no boots)
Stlth    ++........             (no amulet)
HPRegen  0.11/turn              (no ring)
MPRegen  0.14/turn              (no ring)

@: no status effects
A: no food or potions, fire vulnerability, cold resistance 1, negative energy
resistance 3, torment resistance, unbreathing
a: no special abilities


You were on level 3 of the Dungeon.
You were not hungry.

You visited 1 branch of the dungeon, and saw 3 of its levels.

You collected 71 gold pieces.

Inventory:

Hand Weapons
 d - a +1 club (weapon)
Armour
 a - a +1 robe (worn)
 b - a +0 hat (worn)
Wands
 h - a wand of flame (13)
Scrolls
 c - a scroll of identify
 e - a scroll of fear


   Skills:
 - Level 1.5 Dodging
 - Level 1.5 Stealth
 - Level 7.0 Spellcasting
 + Level 1.5 Conjurations
 + Level 1.6 Summonings
 - Level 0.7 Translocations


You had 5 spell levels left.
You knew the following spells:

 Your Spells              Type           Power        Failure   Level  Hunger
a - Magic Dart            Conj           ##..         5%          1    N/A
b - Blink                 Tloc           N/A          12%         2    N/A
c - Call Imp              Summ           ##......     8%          2    N/A
d - Conjure Flame         Conj/Fire      #.......     22%         3    N/A
e - Slow                  Hex            #.......     16%         2    N/A
f - Mephitic Cloud        Conj/Pois/Air  #.......     24%         3    N/A

Your spell library contained the following spells:

 Spells                   Type           Power        Failure   Level  Hunger


Dungeon Overview and Level Annotations

Branches:
Dungeon (3/15)

Altars:


Innate Abilities, Weirdness & Mutations

You do not eat or drink.
Your flesh is vulnerable to fire.
You are immune to poison.
Your flesh is cold resistant. (rC+)
You are immune to negative energy. (rN+++)
You are immune to unholy pain and torment.
You can survive without breathing.


Message History

The electric eel shoots out a bolt of lightning at you!
The bolt of electricity hits your shadow imp!
Your shadow imp dies!
The bolt of electricity hits you!
* * * LOW HITPOINT WARNING * * *
Your white imp gestures at the electric eel.
The puff of frost hits the electric eel!
As you read the scroll labeled UTAFUSSASS, it crumbles to dust.
It is a scroll of enchant weapon.
Your +0 club glows red for a moment.
The electric eel shoots out a bolt of lightning at you!
The bolt of electricity hits your white imp!
Your white imp dies!
The bolt of electricity misses you.
As you read the scroll labeled LUAMMON HYGH, it crumbles to dust.
It is a scroll of enchant armour.
Your +0 robe glows green for a moment.
The electric eel shoots out a bolt of lightning at you!
The bolt of electricity hits you!
You die...

..# #....# #. #.#
#....#............ #.#
#....#............
#.#####...............##
#.#..........>..........
#.#.###...##............
..#.##........##########
###........##.#8P#;≈≈≈≈≈
#.....#.......#.@#..≈≈≈≈
#.....###....©#©.'.[P♣≈P
...........#..#..#..;≈≈≈
#.......##.##.#8P#≈≈;≈≈≈
#.......##.##.##########
#.......##.##...........
####....##.#############
# #....##.# # #....##.#


You could see 3 electric eels.

Vanquished Creatures
  A howler monkey (D:1)
  Crazy Yiuf (D:2)
  7 adders
  A dart slug (D:1)
  A leopard gecko (D:3)
  4 bats
  2 giant cockroaches
  6 goblins
  6 hobgoblins
  A frilled lizard (D:1)
  2 kobolds (D:2)
  7 rats
39 creatures vanquished.

Vanquished Creatures (collateral kills)
  Jessica (D:2)
  3 gnolls (D:2)
  2 worms
  A leopard gecko (D:3)
  A frilled lizard (D:2)
8 creatures vanquished.

Grand Total: 47 creatures vanquished

Notes
Turn   | Place    | Note
-------+----------+-------------------------------------------
     0 | D:1      | Destructed3 the Mummy Wizard began the quest for the Orb.
     0 | D:1      | Reached XP level 1. HP: 13/13 MP: 5/5
   585 | D:1      | Reached XP level 2. HP: 9/19 MP: 3/7
  1303 | D:2      | Noticed a howler monkey
  1316 | D:2      | Reached skill level 5 in Spellcasting
  1378 | D:1      | Killed a howler monkey
  1378 | D:1      | Reached XP level 3. HP: 18/24 MP: 1/10
  1449 | D:2      | Reached skill level 6 in Spellcasting
  1465 | D:1      | HP: 1/24 [adder (2)]
  1751 | D:2      | Reached XP level 4. HP: 29/30 MP: 9/12
  1757 | D:2      | Learned a level 2 spell: Blink
  2036 | D:1      | Learned a level 2 spell: Call Imp
  2040 | D:1      | Learned a level 3 spell: Conjure Flame
  2043 | D:1      | Learned a level 2 spell: Slow
  2047 | D:1      | Learned a level 3 spell: Mephitic Cloud
  2266 | D:2      | Noticed Jessica
  2313 | D:2      | Killed Jessica
  2446 | D:2      | Reached skill level 7 in Spellcasting
  2802 | D:2      | Found a runed translucent door.
  2803 | D:2      | Noticed Crazy Yiuf
  2895 | D:2      | Reached skill level 1 in Conjurations
  2895 | D:2      | Reached XP level 5. HP: 35/35 MP: 6/14
  3002 | D:2      | Reached skill level 1 in Summonings
  3339 | D:2      | Killed Crazy Yiuf
  3446 | D:3      | Found a transporter.
  3463 | D:3      | Killed from afar by an electric eel

Skill      XL: |  1  2  3  4  5 |
---------------+----------------+-----
Spellcasting   | 5 6 7 |  7.0
Conjurations   | 1 |  1.5
Summonings     | 1 |  1.6
Dodging        | |  1.5
Stealth        | |  1.5
Translocations | |  0.7

Action                   |  1- 3 |  4- 6 || total
-------------------------+-------+-------++-------
Melee: Unarmed           |     6 |       ||     6
       Club              |     1 |     6 ||     7
 Cast: Magic Dart        |    55 |    83 ||   138
       Call Imp          |       |    12 ||    12
       Blink             |       |     1 ||     1
  Use: Scroll            |     2 |     2 ||     4
Armor: Robe              |    10 |     4 ||    14
Dodge: Dodged            |    31 |    20 ||    51
